 Dungeon Crawl Stone Soup version 0.24.0-13-gcf9b3192b9 (webtiles) character file.

Game seed: 8600895300907147201, levelgen mode: classic

39 EnegeticOcto the Sneak (level 3, 0/18 HPs)
             Began as a Vine Stalker Earth Elementalist on Nov 9, 2019.
             Succumbed to an adder's poison
             ... on level 2 of the Dungeon.
             The game lasted 00:02:18 (251 turns).

EnegeticOcto the Sneak (VSEE)                        Turns: 251, Time: 00:02:19

Health: 0/18       AC:  4    Str: 10    XL:     3   Next: 47%
Magic:  1/7        EV: 12    Int: 16    God:
Gold:   21         SH:  0    Dex: 14    Spells: 3/6 levels left

rFire    . . .     SeeInvis .   e - ration
rCold    . . .     Gourm    .   (no shield)
rNeg     . . .     Faith    .   c - +0 robe
rPois    .         Spirit   +   (no helmet)
rElec    .         Reflect  .   (no cloak)
rCorr    .         Harm     .   h - +1 pair of gloves
MR       .....                  (no boots)
Stlth    +++.......             (no amulet)
HPRegen  0.06/turn              (no ring)
MPRegen  0.10/turn              (no ring)

@: lethally poisoned (0 -> -4)
A: fangs 2, magic shield, antimagic bite, no potion heal 3, rot immunity
a: no special abilities


You were on level 2 of the Dungeon.
You were not hungry.

You visited 1 branch of the dungeon, and saw 3 of its levels.

You collected 21 gold pieces.

Inventory:

Missiles
 b - 46 stones (quivered)
 g - 8 poisoned darts
Armour
 c - a +0 robe (worn)
 h - a +1 pair of gloves (worn)
Scrolls
 a - 4 scrolls of identify {unknown}
 d - a scroll of remove curse {unknown}
 f - a scroll of magic mapping {unknown}
Comestibles
 e - a ration (in hand)


   Skills:
 + Level 1.8 Fighting
 - Level 1.5 Dodging
 + Level 3.8 Stealth
 - Level 2.1 Spellcasting
 - Level 1.0 Transmutations
 - Level 3.0 Earth Magic


You had 3 spell levels left.
You knew the following spells:

 Your Spells              Type           Power        Failure   Level  Hunger
a - Sandblast             Erth           ##....       6%          1    #......
p - Passwall              Tmut/Erth      #.......     14%         2    ###....

Your spell library contained the following spells:

 Spells                   Type           Power        Failure   Level  Hunger
 Stone Arrow              Conj/Erth      #.....       32%         3    ###....
 Petrify                  Tmut/Erth      #.......     65%         4    #####..
 Lee's Rapid Deconstruct  Erth           ##........   86%         5    ######.


Dungeon Overview and Level Annotations

Branches:
Dungeon (3/15)

Altars:

Portals:
Abyss: D:1***

Annotations:
D:3 Robin


Innate Abilities, Weirdness & Mutations

You have extremely sharp teeth.
When hurt, damage is shared between your health and your magic reserves.
Your bite disrupts and absorbs the magic of your enemies.
Potions cannot restore your health.
You are immune to rotting.


Message History

The quokka bites you.
You closely miss the quokka. Your bite misses the quokka.
The quokka is heavily wounded.
The quokka barely misses you.
You hit the quokka. Your bite misses the quokka.
The quokka is almost dead.
The quokka bites you.
You hit the quokka but do no damage.
The quokka is almost dead.
The quokka closely misses you.
You hit the quokka.
You kill the quokka!
You hit the goblin. Your bite misses the goblin.
The goblin is moderately wounded.
The goblin closely misses you.
You closely miss the goblin. Your bite misses the goblin.
The goblin is moderately wounded.
The goblin hits you.
* * * LOW HITPOINT WARNING * * *
You barely miss the goblin.
The goblin is moderately wounded.
The goblin hits you but does no damage.
You hit the goblin but do no damage. You bite the goblin. You drain its power.
You feel invigorated.
The goblin is heavily wounded.
The goblin closely misses you.
Casting: Sandblast (safe; 6% risk of failure)
Confirm with . or Enter, or press ? or * to list all spells.
Aiming: Sandblast (safe; 6% risk of failure)
Press: ? - help, Shift-Dir - straight line, f - goblin
Aim: a goblin (heavily wounded)
The blast of sand hits the goblin!
You kill the goblin!
b - 49 stones You see here a goblin corpse.
Things that are here:
a +0 club; a hobgoblin corpse; a giant cockroach corpse
There is a stone staircase leading down here.
i - a golden potion
a - 4 scrolls labeled XECUEN MEC TOI (gained 3)
An adder comes into view.
The adder hisses angrily.
Casting: Sandblast (safe; 6% risk of failure)
Confirm with . or Enter, or press ? or * to list all spells.
Aiming: Sandblast (safe; 6% risk of failure)
Press: ? - help, Shift-Dir - straight line, f - adder
Aim: an adder The blast of sand hits the adder.
The adder is moderately wounded.
b - 48 stones The adder barely misses you.
Casting: Sandblast (safe; 6% risk of failure)
Confirm with . or Enter, or press ? or * to list all spells.
Aiming: Sandblast (safe; 6% risk of failure)
Press: ? - help, Shift-Dir - straight line, f/p - adder
Aim: an adder (moderately wounded)
The blast of sand hits the adder!
The adder is almost dead.
b - 47 stones The adder bites you but does no damage.
You hit the adder but do no damage.
The adder is almost dead.
The adder misses you. The adder barely misses you.
You hit the adder but do no damage. Your bite misses the adder.
The adder is almost dead.
The adder misses you.
Casting: Sandblast (safe; 6% risk of failure)
Confirm with . or Enter, or press ? or * to list all spells.
Aiming: Sandblast (safe; 6% risk of failure)
Press: ? - help, Shift-Dir - straight line, f/p - adder
Aim: an adder (almost dead)
The blast of sand misses the adder.
b - 46 stones The adder closely misses you.
You closely miss the adder. Your bite misses the adder.
The adder is almost dead.
The adder bites you but does no damage.
You hit the adder.
The adder is almost dead.
The adder barely misses you. The adder closely misses you.
You hit the adder but do no damage. Your bite misses the adder.
The adder is almost dead.
The adder bites you but does no damage.
You hit the adder but do no damage.
The adder is almost dead.
The adder barely misses you.
You hit the adder but do no damage.
The adder is almost dead.
The adder bites you.
* * * LOW HITPOINT WARNING * * *
You are lethally poisoned!
The adder poisons you! The adder bites you but does no damage.
It was a potion of heal wounds.
That seemed strangely inert.
* * * LOW HITPOINT WARNING * * *
You feel sick. The adder barely misses you.
You barely miss the adder. You bite the adder.
You kill the adder!
e - a ration (in hand)
You swing at nothing.
You die...

.# ..# ..# ##..####
##...... ###.)...##
#########........##
..................#
#####.....@....^.#
#............#
####...........
#######>#.....#..#
#....†).......$...
#.#####....####..#
####.# .. #.# . #.#


There were no monsters in sight!

Vanquished Creatures
  2 adders (D:2)
  A leopard gecko (D:1)
  4 bats
  A giant cockroach (D:2)
  3 goblins
  4 hobgoblins
  A quokka (D:2)
  A frilled lizard (D:1)
  A rat (D:1)
18 creatures vanquished.

Notes
Turn   | Place    | Note
-------+----------+-------------------------------------------
     0 | D:1      | EnegeticOcto the Vine Stalker Earth Elementalist began the
                  | quest for the Orb.
     0 | D:1      | Reached XP level 1. HP: 9/9 MP: 4/4
    57 | D:1      | Reached XP level 2. HP: 10/14 MP: 4/6
    82 | D:1      | Reached skill level 1 in Fighting
   122 | D:1      | Learned a level 2 spell: Passwall
   171 | D:3      | Identified the cursed +0 helmet "Bumi" {+Fly Stlth+}
   171 | D:3      | Noticed Robin
   180 | D:2      | Reached XP level 3. HP: 17/18 MP: 2/7
   251 | D:2      | Succumbed to an adder's poison

Levels and vault maps discovered:
D:1:      minmay_arrival_glassed_features, layout_basic, minmay_hedge_maze,
          minivault_24
D:2:      layout_loops_ring, chequers_serial_rivers_marsh,
          minmay_randomly_rotated_circles
D:3:      layout_basic, uniq_natasha, uniq_robin, uniq_grinder

Skill      XL: |  1  2 |
---------------+-------+-----
Stealth        | 3 |  3.8
Fighting       | 1 |  1.8
Dodging        | |  1.5
Spellcasting   | |  2.1
Transmutations | |  1.0
Earth Magic    | |  3.0

Action                   || total
-------------------------++-------
Melee: Unarmed           ||    57
       Bite              ||    14
 Cast: Sandblast         ||    23
       Passwall          ||     1
  Use: Potion            ||     1
Armor: Robe              ||    27
Dodge: Dodged            ||    45
